 Dungeon Crawl Stone Soup version 0.27-a0-1500-g450c7e4133 (webtiles) character file.

Game seed: 1017740223693331953

394 lunkers the Insei (level 7, -6/49 HPs)
             Began as a Djinni Warper on July 7, 2021.
             Splashed by Ijyb's acid (7 damage)
             ... on level 3 of the Dungeon.
             The game lasted 00:05:41 (4645 turns).

lunkers the Insei (Djinni Warper)                   Turns: 4645, Time: 00:05:41

Health: -6/49      AC:  1    Str: 10    XL:     7   Next: 9%
Gold:   126        EV: 12    Int: 15    God:
                   SH:  0    Dex: 20

rFire    + + .     SeeInvis .     - Unarmed
rCold    x . .     Faith    .   (no shield)
rNeg     . . .     Spirit   .   a - +0 leather armour
rPois    ∞         Reflect  .   j - +0 helmet
rElec    .         Harm     .   r - +0 cloak
rCorr    .         Rampage  .   (no gloves)
Will     .....                  (boots unavailable)
Stlth    +.........             k - amulet of regeneration
HPRegen  1.16/turn              u - +6 ring of dexterity
MPRegen  0.00/turn              (no ring)

@: corroded, flying
A: sickness immunity, fire resistance 2, cold vulnerability 1, float, innate
caster, hp casting, extra vitality 1
a: no special abilities


You were on level 3 of the Dungeon.
You visited 1 branch of the dungeon, and saw 3 of its levels.

You collected 126 gold pieces.

Inventory:

Missiles
 c - 5 boomerangs of dispersal
 v - 6 atropa-tipped darts
Armour
 a - a +0 leather armour (worn)
 j - a +0 helmet (worn)
 r - a +0 cloak (worn)
Jewellery
 k - an amulet of regeneration (around neck)
 u - a +6 ring of dexterity (left hand)
Scrolls
 b - a scroll of blinking
 d - 4 scrolls of amnesia {unknown}
 g - a scroll of enchant armour {unknown}
 l - a scroll of noise {unknown}
 o - a scroll of immolation {unknown}
 q - a scroll of brand weapon {unknown}
 s - a scroll of fear {unknown}
 t - a scroll of identify {unknown}
Potions
 e - 2 potions of mutation {unknown}
 f - a potion of curing {unknown}
 h - a potion of invisibility {unknown}
 i - a potion of lignification {unknown}
 m - 2 potions of heal wounds {unknown}
 n - a potion of haste {unknown}
 p - a potion of flight {unknown}


   Skills:
 - Level 2.0 Fighting
 - Level 0.7 Throwing
 - Level 1.0 Armour
 - Level 2.1 Dodging
 * Level 5.9 Unarmed Combat
 + Level 3.8 Spellcasting


You couldn't memorise any spells.
You knew the following spells:

 Your Spells              Type           Power      Damage    Failure   Level
a - Magic Dart            Conj           56%        1d5       5%          1
b - Lesser Beckoning      Tloc           7%         N/A       16%         3
c - Gell's Gravitas       Tloc           7%         N/A       16%         3
d - Teleport Other        Tloc           14%        N/A       16%         3
e - Manifold Assault      Tloc           14%        N/A       82%         5
f - Poisonous Vapours     Pois/Air       28%        N/A       8%          2
g - Ensorcelled Hibernat  Hex/Ice        28%        N/A       8%          2
p - Blink                 Tloc           N/A        N/A       8%          2
Your spell library was empty.

Dungeon Overview and Level Annotations

Branches:
Dungeon (3/15)

Altars:
Hepliaklqana

Annotations:
D:3 Ijyb


Innate Abilities, Weirdness & Mutations

You are immune to sickness and miasma.
You are immune to poison.
Your flesh is very heat resistant. (rF++)
You are vulnerable to cold. (rC-)
You float through the air rather than walking.
You learn spells naturally, not from books.
Your magical power is your life essence.
You have superior vitality. (+4 HP)


Message History

Casting: Magic Dart (safe; 5% risk of failure)
Confirm with . or Enter, or press ? or * to list all spells.
Aiming: Magic Dart (safe; 5% risk of failure)
Press: ? - help, Shift-Dir - straight line, f/p - Ijyb
Aim: Ijyb, wielding a +0 dagger, wearing a +1 leather armour of fire resistance and carrying a wand of acid (11) (100% to hit)
The magic dart hits Ijyb.
Ijyb is lightly wounded.
Ijyb zaps a wand.
The bolt of acid hits you! The acid corrodes you!
You are splashed with acid!
* * * LOW HITPOINT WARNING * * *
Casting: Magic Dart (safe; 5% risk of failure)
Confirm with . or Enter, or press ? or * to list all spells.
Aiming: Magic Dart (safe; 5% risk of failure)
Press: ? - help, Shift-Dir - straight line, f/p - Ijyb
Aim: Ijyb, wielding a +0 dagger, wearing a +1 leather armour of fire resistance and carrying a wand of acid (10) (lightly wounded, 100% to hit)
Okay, then.
You aren't carrying any items that you can evoke.
Unknown command.
Okay, then.
Casting: Magic Dart (safe; 5% risk of failure)
Confirm with . or Enter, or press ? or * to list all spells.
Aiming: Magic Dart (safe; 5% risk of failure)
Press: ? - help, Shift-Dir - straight line, f/p - Ijyb
Aim: Ijyb, wielding a +0 dagger, wearing a +1 leather armour of fire resistance and carrying a wand of acid (10) (lightly wounded, 100% to hit)
The magic dart hits Ijyb but does no damage.
Ijyb is lightly wounded.
* * * LOW HITPOINT WARNING * * *
Unknown command.
Casting: Magic Dart (safe; 5% risk of failure)
Confirm with . or Enter, or press ? or * to list all spells.
Aiming: Magic Dart (safe; 5% risk of failure)
Press: ? - help, Shift-Dir - straight line, f/p - Ijyb
Aim: Ijyb, wielding a +0 dagger, wearing a +1 leather armour of fire resistance and carrying a wand of acid (10) (lightly wounded, 100% to hit)
The magic dart hits Ijyb but does no damage.
Ijyb is lightly wounded.
* * * LOW HITPOINT WARNING * * *
Ijyb zaps a wand.
The bolt of acid hits you!!
* * * LOW HITPOINT WARNING * * *
You are splashed with acid!
You die...

......#.# #.......#
......#.# #.......#
..''#...# #.......#
..#.##..# #.......#
#.#.##..# #.......#
..#.##..###....o..#
..'.)..........og.#
..#.###..#######'##
..'....#..# #@#####
..#.##.#..# #.....#
+#.....#..##########.#
.#..##.....#.....# #.#
.#..##.....#.###.###.#
##..##...#.#.# #.....#
.........#...#########
#....#...#.......#
##.#.#...##.####.#


You could see Ijyb and 2 orcs.

Vanquished Creatures
  Grinder (D:3)
  A water moccasin zombie (D:3)
  Crazy Yiuf (D:2)
  Jessica (D:3)
  Robin (D:2)
  An adder skeleton (D:3)
  A worm (D:2)
  3 dart slugs
  4 orcs (D:3)
  4 endoplasms
  8 goblins
  7 hobgoblins
  7 jackals (D:2)
  2 quokkas
  5 ball pythons
  A ball python zombie (D:3)
  5 bats
  3 frilled lizards
  5 kobolds
  A quokka skeleton (D:3)
  3 rats
65 creatures vanquished.

Notes
Turn   | Place    | Note
-------+----------+-------------------------------------------
     0 | D:1      | lunkers the Djinni Warper began the quest for the Orb.
     0 | D:1      | Reached XP level 1. HP: 18/18 MP: 0/0
   360 | D:1      | Reached XP level 2. HP: 21/23 MP: 0/0
  1674 | D:2      | Reached XP level 3. HP: 24/28 MP: 0/0
  1674 | D:2      | Learned a level 1 spell: Magic Dart
  1743 | D:2      | Reached skill level 3 in Unarmed Combat
  2249 | D:2      | Noticed Robin
  2357 | D:2      | Killed Robin
  2383 | D:2      | Reached XP level 4. HP: 3/33 MP: 0/0
  3599 | D:2      | Found a runed translucent door.
  3602 | D:2      | Noticed Crazy Yiuf
  3933 | D:2      | Killed Crazy Yiuf
  3934 | D:2      | Reached skill level 4 in Unarmed Combat
  3934 | D:2      | Reached XP level 5. HP: 38/38 MP: 0/0
  3934 | D:2      | Learned a level 2 spell: Poisonous Vapours
  4055 | D:3      | Noticed Jessica
  4065 | D:3      | Killed Jessica
  4182 | D:3      | Noticed Grinder
  4198 | D:3      | Killed Grinder
  4199 | D:3      | Reached skill level 5 in Unarmed Combat
  4199 | D:3      | Reached XP level 6. HP: 28/43 MP: 0/0
  4199 | D:3      | Reached XP level 7. HP: 32/49 MP: 0/0
  4199 | D:3      | Learned a level 2 spell: Ensorcelled Hibernation
  4200 | D:3      | Found a faded altar of an unknown god.
  4200 | D:3      | Noticed a shining eye
  4281 | D:3      | Noticed a shining eye
  4285 | D:3      | Noticed a golden eye
  4285 | D:3      | Noticed an eye of devastation
  4332 | D:3      | Found a hazy altar of Hepliaklqana.
  4635 | D:3      | Noticed Ijyb
  4645 | D:3      | HP: 1/49 [Ijyb/bolt of acid (20)]
  4645 | D:3      | Splashed by Ijyb's acid

Illustrated notes

Levels and vault maps discovered:
D:1:      sevenhm_arrival_forest_fort_large_2, layout_basic
D:2:      layout_basic, uniq_crazy_yiuf_cottage, uniq_robin
D:3:      layout_basic, mainiacjoe_overflow_24_doors, serial_undead,
          serial_undead_a, serial_undead_c, serial_undead_b, serial_undead_d,
          serial_undead_f, serial_undead_f,
          hellmonk_ecumenical_altar_watching_god, uniq_ijyb, uniq_jessica,
          uniq_grinder

Skill      XL: |  1  2  3  4  5 |
---------------+----------------+-----
Unarmed Combat | 3 4 5 |  5.9
Spellcasting   | 3 |  3.8
Fighting       | |  2.0
Throwing       | |  0.7
Armour         | |  1.0
Dodging        | |  2.1

Action                   |  1- 3 |  4- 6 |  7- 9 || total
-------------------------+-------+-------+-------++-------
Melee: Unarmed           |    74 |       |       ||    74
       Punch             |     1 |       |       ||     1
 Cast: Magic Dart        |    51 |    88 |    45 ||   184
Evoke: Wand              |       |     6 |       ||     6
 Stab: Sleeping          |     1 |       |       ||     1
Armor: Leather armour    |    21 |    12 |     3 ||    36
Dodge: Dodged            |    49 |    13 |    16 ||    78

Table legend: (Time is in decaauts)
 A = Elapsed time spent in this place.
 B = Non-inter-level travel time spent in this place.
 C = Inter-level travel time spent in this place.
 D = Time resting spent in this place.
 E = Time spent auto-exploring this place.
 F = Levels seen in this place.
 G = Mean time per level.
                   A        B        C        D        E       F      G
               +--------+--------+--------+--------+--------+-----+--------+
         Total |   4641 |   4499 |    142 |    265 |   3634 |   3 | 1547.0 |
       Dungeon |   4641 |   4499 |    142 |    265 |   3634 |   3 | 1547.0 |
               +--------+--------+--------+--------+--------+-----+--------+

Top non-repeatable levels by time:
     D:2: 2102 daAuts
     D:1: 1875 daAuts
     D:3: 663 daAuts
